AoeStats
← somohano89

Arena

509276604Analyzed
4v4 RM · 7d ago on Sep 26, 2026· 66m 1s· 8 players
Game mode
Random Map
Map size
Large (8 player)
Population
200
Speed
Normal
Resources
Standard
Victory
Conquest
Starting age
Dark Age
Ending age
Imperial Age
RankedLock teamsTeams togetherTeam positionsShared explorationLock speedFull tech treeHidden civsTurbo modeCheats
Victory
Defeat
🇺🇸 Japanese · United States
1184
+14
🇺🇸 Byzantines · United States
1160
+15
🇹🇼 Danes · Taiwan
1159
+15
🇺🇸 Vikings · United States
1088
+18
🇲🇽 Berbers · Mexico
1205
-18
🇵🇪 Malians · Peru
1154
-16
🇺🇸 Persians · United States
1137
-16
🇲🇽 Britons · Mexico
1051
-12
SafariAl
11:00 Feudal Age
14:43 Castle Age
13:06 Double-Bit Axe
15:50 Bow Saw
15:21 Horse Collar
16:22 Heavy Plow
16:22 Loom
17:15 Wheelbarrow
20:06 Stone Mining
22:40 Pikeman
23:37 Loom
24:08 Hand Cart
24:05 Gold Mining
24:42 Scale Mail Armor
25:04 Town Watch
29:23 Imperial Age
28:05 Chain Mail Armor
28:02 Forging
28:37 Gambesons
28:53 Squires
30:13 Iron Casting
29:30 Halberdier
30:45 Plate Mail Armor
31:57 Blast Furnace
34:01 Conscription
33:48 Fletching
34:59 Chemistry
34:45 Heavy Cavalry Archer
35:51 Parthian Tactics
35:23 Bodkin Arrow
35:52 Elite Skirmisher
37:03 Man-at-Arms
37:30 Arson
37:57 Long Swordsman
38:34 Two-Handed Swordsman
39:37 Bracer
39:38 Padded Archer Armor
40:04 Ballistics
39:23 Champion
41:47 Leather Archer Armor
41:43 Masonry
41:29 Murder Holes
42:21 Hoardings
43:05 Ring Archer Armor
47:04 Thumb Ring
47:28 Elite Samurai
48:15 Scale Barding Armor
52:26 Onager
53:33 Chain Barding Armor
53:32 Town Patrol
59:50 Capped Ram
61:23 Coinage
60:55 Caravan
62:25 Guard Tower
63:14 Yasama
63:42 Kataparuto
66:27 Siege Engineers
67:16 Gold Shaft Mining
I'm Trying My Best
0:30 Loom
13:22 Feudal Age
14:03 Horse Collar
14:10 Double-Bit Axe
19:32 Castle Age
18:11 Scale Mail Armor
18:56 Gold Mining
19:56 Forging
19:37 Fletching
21:00 Bow Saw
21:29 Wheelbarrow
20:57 Heavy Plow
20:21 Pikeman
24:22 Gold Shaft Mining
26:17 Chain Mail Armor
29:28 Hand Cart
31:09 Squires
32:15 Stone Mining
32:38 Fortified Wall
34:17 Ballistics
33:56 Bodkin Arrow
34:36 Iron Casting
33:58 Gambesons
37:25 Imperial Age
36:12 Scale Barding Armor
37:26 Chain Barding Armor
38:01 Stone Shaft Mining
37:25 Halberdier
37:29 Elite Varangian Guard
38:41 Plate Mail Armor
38:46 Plate Barding Armor
38:44 Elite Cataphract
39:45 Conscription
40:03 Plate Barding Armor
39:36 Husbandry
41:40 Chemistry
40:43 Bracer
45:47 Logistica
53:54 Arson
57:43 Crop Rotation
58:17 Two-Man Saw
63:11 Elite Skirmisher
63:54 Padded Archer Armor
66:45 Leather Archer Armor
John Teleport
4:00 Loom
12:19 Feudal Age
17:03 Castle Age
15:56 Double-Bit Axe
15:57 Horse Collar
17:24 Fletching
19:23 Bow Saw
19:58 Arson
22:31 Crossbowman
23:13 Town Watch
25:39 Squires
25:51 Forging
27:04 Scale Mail Armor
28:09 Padded Archer Armor
30:09 Chain Mail Armor
30:28 Scale Barding Armor
31:07 Iron Casting
35:29 Elite Skirmisher
36:06 Bodkin Arrow
40:51 Leather Archer Armor
44:29 Imperial Age
43:42 Heavy Plow
45:09 Elite Varangian Guard
47:14 Plate Mail Armor
50:29 Chain Barding Armor
51:17 Blast Furnace
50:44 Gold Mining
52:03 Chieftains
54:48 Bracer
55:18 Ring Archer Armor
55:21 Conscription
62:25 Two-Man Saw
62:03 Gold Shaft Mining
62:48 Caravan
saintOAO
10:47 Feudal Age
10:16 Loom
15:07 Castle Age
13:38 Double-Bit Axe
13:35 Horse Collar
16:37 Bow Saw
18:09 Wheelbarrow
29:15 Fletching
38:01 Gold Mining
38:03 Stone Mining
42:22 Gold Shaft Mining
45:54 Imperial Age
44:24 Ballistics
46:25 Heavy Plow
47:03 Hand Cart
52:37 Chemistry
51:00 Northmen's Fury
52:43 Conscription
53:17 Onager
54:18 Siege Engineers
55:18 Squires
54:39 Elite Varangian Guard
55:16 Hamask
56:40 Siege Onager
57:53 Scale Mail Armor
58:04 Forging
59:54 Caravan
60:50 Chain Mail Armor
61:12 Iron Casting
60:31 Pikeman
62:38 Plate Mail Armor
62:07 Halberdier
64:22 Blast Furnace
64:06 Arson
65:16 Gambesons
RickySuSo
9:30 Feudal Age
12:20 Loom
15:33 Castle Age
14:38 Double-Bit Axe
14:44 Horse Collar
19:45 Bow Saw
20:50 Wheelbarrow
21:43 Town Watch
22:05 Scale Barding Armor
23:30 Bloodlines
25:07 Husbandry
26:33 Chain Barding Armor
27:03 Husbandry
27:14 Forging
32:34 Imperial Age
31:23 Heavy Plow
32:13 Iron Casting
32:15 Cavalier
33:33 Plate Barding Armor
33:58 Blast Furnace
33:15 Hand Cart
36:42 Blast Furnace
35:05 Savar
35:55 Gold Mining
36:38 Conscription
36:35 Kamandaran
36:02 Crossbowman
36:48 Thumb Ring
36:34 Fletching
36:45 Padded Archer Armor
39:22 Chemistry
39:52 Ballistics
45:07 Murder Holes
47:41 Light Cavalry
48:38 Hussar
49:21 Scale Mail Armor
49:21 Bodkin Arrow
49:37 Town Patrol
50:10 Leather Archer Armor
54:56 Ring Archer Armor
60:41 Caravan
11++
10:41 Feudal Age
14:37 Castle Age
12:54 Double-Bit Axe
14:28 Horse Collar
20:06 Fletching
22:51 Padded Archer Armor
24:15 Leather Archer Armor
23:56 Bodkin Arrow
25:57 Loom
30:02 Bodkin Arrow
31:39 Tigui
36:30 Imperial Age
35:21 Forging
35:36 Ballistics
37:18 Bow Saw
37:01 Gold Mining
38:23 Wheelbarrow
38:24 Iron Casting
37:50 Scale Mail Armor
37:48 Town Watch
39:58 Chemistry
38:55 Murder Holes
39:16 Squires
40:09 Chain Mail Armor
42:01 Conscription
44:20 Ring Archer Armor
44:22 Plate Mail Armor
44:48 Elite Gbeto
50:05 Scale Barding Armor
51:47 Hand Cart
51:33 Town Patrol
52:19 Chain Barding Armor
52:44 Farimba
54:01 Plate Barding Armor
54:21 Bloodlines
54:15 Husbandry
53:37 Light Cavalry
56:46 Elite Skirmisher
62:07 Ring Archer Armor
61:33 Heavy Camel Rider
62:13 Guard Tower
somohano89
9:51 Feudal Age
10:27 Double-Bit Axe
16:25 Castle Age
16:07 Loom
16:28 Horse Collar
24:57 Fletching
27:15 Bodkin Arrow
30:25 Gold Mining
30:27 Stone Mining
35:04 Imperial Age
34:12 Bow Saw
34:05 Heavy Plow
35:01 Elite Skirmisher
35:02 Crossbowman
35:34 Cranequins
35:36 Elite Genitour
36:36 Arbalester
38:17 Ballistics
37:54 Murder Holes
39:53 Gold Shaft Mining
39:31 Bracer
39:32 Padded Archer Armor
49:53 Leather Archer Armor
50:53 Conscription
61:19 Guilds
63:23 Town Watch
NTM.Barce
3:58 Loom
11:19 Feudal Age
15:51 Castle Age
14:04 Horse Collar
14:25 Double-Bit Axe
15:49 Scale Barding Armor
16:54 Bloodlines
20:26 Town Watch
21:23 Fletching
21:44 Forging
22:31 Wheelbarrow
23:47 Iron Casting
28:28 Husbandry
28:52 Chain Barding Armor
34:02 Imperial Age
32:44 Hand Cart
34:06 Cavalier
34:46 Husbandry
35:23 Plate Barding Armor
35:49 Blast Furnace
41:13 Chemistry
41:19 Fletching
41:51 Ballistics
42:38 Kasbah
43:00 Conscription
42:51 Maghrebi Camels
46:35 Elite Camel Archer
54:08 Siege Engineers
56:38 Bodkin Arrow
56:44 Padded Archer Armor
56:31 Light Cavalry
59:03 Bracer
59:18 Leather Archer Armor
61:58 Caravan
62:31 Murder Holes
Connection lost

Rejoining the realm…

Still unreachable

The connection could not be restored.

Session expired

The server has moved on; the page needs a fresh start.